 Dungeon Crawl Stone Soup version 0.28.0 (webtiles) character file.

Game seed: 14629283777032877400

1071 raph the Spear-Bearer (level 8, -3/66 HPs)
             Began as a Minotaur Berserker on Feb 11, 2022.
             Was a Priest of Trog.
             Slain by a killer bee (4 damage)
             ... on level 5 of the Dungeon.
             The game lasted 00:07:59 (5867 turns).

raph the Spear-Bearer (Minotaur Berserker)          Turns: 5867, Time: 00:08:00

Health: -3/66      AC: 13    Str: 22    XL:     8   Next: 7%
Magic:  7/7        EV:  6    Int:  4    God:    Trog [***...]
Gold:   260        SH:  4    Dex: 12    Spells: 7/7 levels left

rFire   . . .      SeeInvis .   a - +0 trident
rCold   . . .      Faith    .   g - +0 buckler
rNeg    . . .      Spirit   .   e - +0 plate armour
rPois   .          Reflect  .   (helmet restricted)
rElec   .          Harm     .   l - +1 cloak
rCorr   .          Rampage  .   (no gloves)
Will    ++...                   (no boots)
Stlth   ..........              (no amulet)
HPRegen 1.21/turn               (no ring)
MPRegen 0.10/turn               (no ring)

@: lethally poisoned (-3 -> -5), strong-willed, on berserk cooldown,
regenerating, slowed, very slow
A: horns 2, retaliatory headbutt
a: Renounce Religion, Berserk, Trog's Hand


You were on level 5 of the Dungeon.
You worshipped Trog.
Trog was most pleased with you.
You visited 1 branch of the dungeon, and saw 5 of its levels.
You also visited: Ossuary.

You collected 260 gold pieces.

Inventory:

Hand Weapons
 a - a +0 trident (weapon)
 b - a +0 hunting sling
 m - a +1 spear
Missiles
 c - 6 javelins
 f - 55 stones (quivered)
Armour
 e - a +0 plate armour (worn)
 g - a +0 buckler (worn)
 i - a +0 chain mail
 l - a +1 cloak (worn)
Scrolls
 d - 2 scrolls of enchant weapon
 o - 2 scrolls of identify
 r - a scroll of immolation
 t - a scroll of teleportation
Potions
 h - 3 potions of curing
 j - 2 potions of lignification
 k - 5 potions of mutation
 p - a potion of magic
 q - 2 potions of resistance
 s - a potion of haste
 u - a potion of brilliance
Miscellaneous
 n - a tin of tremorstones (2/2)


   Skills:
 + Level 4.2 Fighting
 + Level 11.0 Polearms
 + Level 3.2 Armour
 + Level 2.9 Dodging
 + Level 1.7 Shields


You had 7 spell levels left.
You didn't know any spells.
Your spell library was empty.

Dungeon Overview and Level Annotations

Branches:
Dungeon (5/15)             Temple (0/1) D:4         Ossuary (visited)

Altars:
Cheibriados
Gozag
Uskayaw
The Shining One


Innate Abilities, Weirdness & Mutations

You have a pair of horns on your head.
You reflexively headbutt those who attack you in melee.


Message History

* * * LOW HITPOINT WARNING * * *
You feel very sick. The killer bee stings you.
* * * LOW HITPOINT WARNING * * *
The killer bee barely misses you.
* * * LOW HITPOINT WARNING * * *
You feel very sick.
The killer bee stings you but does no damage.
You block the killer bee's attack.
You closely miss the killer bee. Your headbutt misses the killer bee.
* * * LOW HITPOINT WARNING * * *
You feel very sick.
The killer bee stings you but does no damage. x3
You puncture the killer bee! Your headbutt misses the killer bee.
The killer bee is almost dead.
* * * LOW HITPOINT WARNING * * *
You feel very sick.
The killer bee stings you but does no damage.
The killer bee barely misses you. The killer bee completely misses you.
You are too berserk!
You miss the killer bee.
You feel sick.
The killer bee stings you but does no damage.
The killer bee barely misses you. You furiously retaliate!
You headbutt the killer bee! The killer bee barely misses you.
You barely miss the killer bee.
The killer bee is almost dead.
You are no longer berserk.
You are exhausted.
You feel yourself slow down.
* * * LOW HITPOINT WARNING * * *
You feel sick.
The killer bee stings you but does no damage.
The killer bee barely misses you. You block the killer bee's attack.
You miss the killer bee.
The killer bee is almost dead.
* * * LOW HITPOINT WARNING * * *
You feel very sick.
The killer bee stings you but does no damage.
The killer bee closely misses you. The killer bee stings you.
You die...

.......>....#.....#.....#
...
............#.....#.....#
..
............#.....#.....#
............#.....#.....#
#..##..##.####'####.....##
#########.####.#...........
..........#....#...........
..........#....#...........
..........#....#@y.........
#..#..#...######yy.........
#######...###..†r†#######..
#......#.....# ..
#......#.....#
#......#.....#
#......#.....#
#......#.....#
#......#.....#


You could see 3 killer bees and a quokka.

Vanquished Creatures
  Sigmund (D:4)
  An ogre (D:2)
  A necrophage (D:5)
  2 scorpions (D:5)
  A water moccasin skeleton (D:5)
  3 killer bees (D:5)
  A centaur zombie (Ossuary)
  A human zombie (Ossuary)
  Crazy Yiuf (D:2)
  Natasha (twice) (D:2)
  2 iguanas
  Terence (D:2)
  4 mummies (Ossuary)
  Robin (D:4)
  A howler monkey skeleton (D:4)
  6 adders
  A dart slug (D:2)
  9 orcs
  3 ball pythons
  6 endoplasms
  3 giant cockroaches
  A gnoll zombie (Ossuary)
  17 goblins
  7 hobgoblins
  3 jackals (D:5)
  3 quokkas
  10 bats
  6 frilled lizards
  5 hobgoblin zombies (Ossuary)
  6 kobolds
  9 rats
118 creatures vanquished.

Notes
Turn   | Place    | Note
-------+----------+-------------------------------------------
     0 | D:1      | raph the Minotaur Berserker began the quest for the Orb.
     0 | D:1      | Reached XP level 1. HP: 19/19 MP: 0/0
   232 | D:1      | Reached skill level 4 in Polearms
   357 | D:1      | Reached XP level 2. HP: 26/26 MP: 1/1
   630 | D:1      | Found a faded altar of an unknown god.
   976 | D:1      | Reached ** piety under Trog
   977 | D:1      | Reached skill level 5 in Polearms
  1259 | D:2      | Reached XP level 3. HP: 31/31 MP: 2/2
  1280 | D:2      | Noticed Terence
  1288 | D:2      | Killed Terence
  1366 | D:2      | Noticed an ogre
  1372 | D:2      | Killed an ogre
  1373 | D:2      | Reached skill level 7 in Polearms
  1373 | D:2      | Reached XP level 4. HP: 39/39 MP: 3/3
  1373 | D:2      | Reached XP level 5. HP: 45/45 MP: 4/4
  1614 | D:2      | Noticed Natasha
  1625 | D:2      | Killed Natasha
  2023 | D:2      | Noticed Natasha
  2032 | D:2      | Killed Natasha
  2183 | D:2      | Found a runed translucent door.
  2184 | D:2      | Noticed Crazy Yiuf
  2190 | D:2      | Killed Crazy Yiuf
  2423 | D:2      | Reached skill level 8 in Polearms
  2723 | D:3      | Reached XP level 6. HP: 51/51 MP: 5/5
  2927 | D:3      | Found a snail-covered altar of Cheibriados.
  2928 | D:3      | Found an opulent altar of Gozag.
  3106 | D:3      | Found a glowing golden altar of the Shining One.
  3258 | D:3      | Found a hide-covered altar of Uskayaw.
  3600 | D:4      | Found a sand-covered staircase.
  3625 | Ossuary  | Entered an ossuary
  4232 | Ossuary  | Reached skill level 9 in Polearms
  4771 | D:4      | Noticed Sigmund
  4775 | D:4      | Killed Sigmund
  4776 | D:4      | Reached skill level 10 in Polearms
  4776 | D:4      | Reached XP level 7. HP: 57/57 MP: 6/6
  4824 | D:4      | Noticed Robin
  4854 | D:4      | Killed Robin
  5156 | D:4      | Found a staircase to the Ecumenical Temple.
  5216 | D:5      | Entered Level 5 of the Dungeon
  5230 | D:5      | Reached *** piety under Trog
  5704 | D:5      | Reached skill level 1 in Shields
  5855 | D:5      | Reached skill level 11 in Polearms
  5855 | D:5      | Reached XP level 8. HP: 46/66 MP: 7/7
  5867 | D:5      | HP: 1/66 [poisoned by a killer bee]
  5867 | D:5      | Slain by a killer bee

Illustrated notes

Levels and vault maps discovered:
D:1:      ncdulo_halloftheorcs, layout_loops_corners,
          ebering_ecumenical_altar_mist, minmay_tromino_v4_a
D:2:      layout_basic, serial_corexii_hall, chequers_hall_statues_y,
          corexii_hall_statues_deadend, minmay_split_cup_large,
          uniq_crazy_yiuf_cottage, uniq_terence, uniq_natasha
D:3:      layout_rooms, jmf_multi_god_temple,
          nicolae_uskayaw_murder_on_the_dancefloor,
          nicolae_tso_carved_into_rock, minmay_checkerbox
D:4:      layout_loops_cross, minmay_temple_entry_fiery, enter_ossuary_1,
          roderic_filled_cross, minmay_crystal_water, uniq_sigmund, uniq_robin
D:5:      layout_gridville

Skill      XL: |  1  2  3  4  5  6  7 |
---------------+----------------------+-----
Polearms       | 4 5 7 8 10 11 | 11.0
Fighting       | 4 |  4.2
Shields        | 1 |  1.7
Armour         | 3 |  3.2
Dodging        | |  2.9

Action                   |  1- 3 |  4- 6 |  7- 9 || total
-------------------------+-------+-------+-------++-------
Melee: Spear             |    86 |    62 |       ||   148
       Punch             |     1 |       |       ||     1
       Headbutt          |     6 |    21 |    15 ||    42
       Trident           |       |    88 |    97 ||   185
 Fire: Hunting sling     |       |    20 |     4 ||    24
Invok: Berserk           |     2 |     7 |     4 ||    13
       Trog's Hand       |       |       |     2 ||     2
  Use: Scroll            |       |    13 |     2 ||    15
Armor: Animal skin       |    10 |       |       ||    10
       Chain mail        |       |    13 |       ||    13
       Plate armour      |       |    39 |    64 ||   103
Dodge: Dodged            |    29 |    24 |    29 ||    82
Block: Buckler           |     1 |     9 |    19 ||    29
